 Dungeon Crawl Stone Soup version 0.27.1-33-g824d729ab1 (webtiles) character file.

Game seed: 10942625973755038014

1794 pkoi the Summoner (level 8, -4/57 HPs)
             Began as a Green Draconian Summoner on Dec 30, 2021.
             Was an Initiate of Dithmenos.
             Slain by a troll (9 damage)
             ... on level 6 of the Dungeon.
             The game lasted 00:17:02 (8114 turns).

pkoi the Summoner (Green Draconian Summoner)        Turns: 8114, Time: 00:17:03

Health: -4/57      AC:  8    Str: 10    XL:     8   Next: 82%
Magic:  9/14       EV: 12    Int: 17    God:    Dithmenos [......]
Gold:   212        SH:  5    Dex: 13    Spells: 2/15 levels left

rFire    + . .     SeeInvis .   f - +2 dagger (venom)
rCold    + . .     Faith    .   (no shield)
rNeg     . . .     Spirit   .   (armour unavailable)
rPois    +         Reflect  +   (helmet restricted)
rElec    .         Harm     .   t - scarf {repulsion}
rCorr    .         Rampage  .   c - +0 pair of gloves
Will     .....                  d - +0 pair of boots
Stlth    ++........             w - amulet of reflection
HPRegen  0.19/turn              o - ring of protection from fire
MPRegen  0.14/turn              v - ring of protection from cold

@: short of breath, repel missiles
A: breathe noxious fumes, AC +6, unfitting armour, poison resistance,
cold-blooded
a: Breathe Noxious Fumes, Renounce Religion


You were on level 6 of the Dungeon.
You worshipped Dithmenos.
Dithmenos was noncommittal.
You visited 2 branches of the dungeon, and saw 7 of its levels.

You collected 414 gold pieces.
You spent 202 gold pieces at shops.

Inventory:

Hand Weapons
 b - a +0 antimagic dagger
 e - a +1 whip
 f - a +2 dagger of venom (weapon)
Missiles
 g - 16 poisoned darts (quivered)
 i - a curare-tipped dart
Armour
 c - a +0 pair of gloves (worn)
 d - a +0 pair of boots (worn)
 t - a scarf of repulsion (worn)
Jewellery
 j - an amulet of faith
 o - a ring of protection from fire (left hand)
 v - a ring of protection from cold (right hand)
 w - an amulet of reflection (around neck)
Wands
 l - a wand of charming (6)
Scrolls
 m - 3 scrolls of magic mapping
 p - 2 scrolls of teleportation
 q - 4 scrolls of identify
 u - 3 scrolls of enchant weapon
Potions
 a - 3 potions of haste
 h - a potion of heal wounds
 k - a potion of flight
 n - 5 potions of curing
 r - a potion of berserk rage {unknown}
 s - a potion of might


   Skills:
 - Level 1.7 Dodging
 - Level 3.0 Stealth
 + Level 6.7 Unarmed Combat
 - Level 4.0 Spellcasting
 + Level 8.0 Summonings
 + Level 3.3 Air Magic


You had 2 spell levels left.
You knew the following spells:

 Your Spells              Type           Power      Damage    Failure   Level
a - Summon Small Mammal   Summ           100%       N/A       1%          1
b - Call Imp              Summ           30%        N/A       1%          2
c - Call Canine Familiar  Summ           30%        N/A       1%          3
d - Summon Lightning Spi  Summ/Air       22%        N/A       16%         4
e - Swiftness             Air            14%        N/A       12%         3

Your spell library contained the following spells:

 Spells                   Type           Power      Damage    Failure   Level
 Beastly Appendage        Tmut           6%         N/A       16%         1
 Passwall                 Tmut/Erth      2%         N/A       24%         2
 Sublimation of Blood     Necr           1%         N/A       24%         2
 Wereblood                Tmut           3%         N/A       24%         2
 Summon Guardian Golem    Hex/Summ       17%        N/A       9%          3
 Conjure Flame            Conj/Fire      3%         6-21      43%         3
 Gell's Gravitas          Tloc           1%         N/A       43%         3
 Ignite Poison            Fire/Tmut/Pois 3%         N/A       43%         3
 Lesser Beckoning         Tloc           1%         N/A       43%         3
 Spider Form              Tmut/Pois      1%         N/A       43%         3
 Teleport Other           Tloc           3%         N/A       43%         3
 Petrify                  Tmut/Erth      3%         N/A       83%         4
 Sticky Flame             Conj/Fire      3%         2d3       83%         4
 Blade Hands              Tmut           1%         N/A       99%         5
 Irradiate                Conj/Tmut      1%         3d13      99%         5
 Invisibility             Hex            1%         N/A       100%        6
 Iron Shot                Conj/Erth      1%         9d1       100%        6
 Animate Armour           Summ/Erth      Unusable   N/A       N/A         4

Dungeon Overview and Level Annotations

Branches:
Dungeon (6/15)             Temple (1/1) D:6

Altars:
Ashenzari
Cheibriados
Dithmenos
Elyvilon
Fedhas
Gozag
Hepliaklqana
Kikubaaqudgha
Ru
Trog
Uskayaw
Vehumet
Wu Jian
Yredelemnul
Zin
The Shining One

Shops:
D:1 [   D:4 !


Innate Abilities, Weirdness & Mutations

You can breathe blasts of noxious fumes.
Your lurid green scales are hard. (AC +6)
You cannot fit into any form of body armour.
Your system is resistant to poisons. (rPois)
You are cold-blooded and may be slowed by cold attacks.


Message History

* * * LOW HITPOINT WARNING * * *
Your hound bites the ogre.
Unknown command.
Casting: Call Imp (safe; 1% risk of failure)
Confirm with . or Enter, or press ? or * to list all spells.
Nothing appears to happen.
The ogre is engulfed in noxious fumes.
The ogre appears confused.
Your hound bites the ogre.
The troll is engulfed in noxious fumes.
The troll appears confused.
The troll bites the ogre!
The troll claws the ogre!
The ogre is killed!
Dithmenos accepts your kill.
Training target 3.0 for Stealth reached!
Your Stealth skill increases to level 3!
Unknown command.
You catch the helpless troll completely off-guard!
You puncture the troll!
You tail-slap the troll, but do no damage.
The troll is moderately wounded.
The troll is engulfed in noxious fumes.
Unknown command.
You hit the troll.
The troll is poisoned.
The troll is moderately wounded.
The troll is engulfed in noxious fumes.
The troll bites you.
* * * LOW HITPOINT WARNING * * *
The troll claws you but does no damage. You block the troll's attack.
Your crimson imp blinks!
Unknown command.
You hit the troll.
The troll looks even sicker.
You tail-slap the troll, but do no damage.
The troll is moderately wounded.
The troll is engulfed in noxious fumes.
The troll barely misses you. The troll misses you.
The troll closely misses you.
Unknown command.
You catch the helpless troll completely off-guard!
You puncture the troll!
The troll looks as sick as possible!
The troll is severely wounded.
The troll bites you!
* * * LOW HITPOINT WARNING * * *
The troll claws you!
You die...

#...##.# ##.....##...... #'#.##.#
#......##...... ....#..#
#.#######...... (...#.##### #.#
#...... .)<.......# #.# #......
....)..##'## ###.### #......
#..........#### ###'### #......
#..........'..####⌠.⌠######......
#..........##h°T@#.>.'....#......
#..........°°°####⌠.⌠####........
#...........#.# ###'### ###......
#...........#.# ###.### #........
#####.......#.# #.# #........
....#......#### #.# #........
._..#.........### #.# ######...
...##.......(...# #.# #...
................# #.# #...


You could see a troll (confused, extremely poisoned, ally target) and a friendly
hound (summoned).

Vanquished Creatures
  A black bear (D:6)
  An ice beast (D:5)
  An ogre (D:6)
  A centaur (D:6)
  A gnoll sergeant (D:3)
  A scorpion (D:6)
  4 howler monkeys (D:6)
  4 hounds
  A jelly (D:5)
  A bullfrog skeleton (D:5)
  An iguana (D:6)
  3 orc wizards
  3 gnolls
  3 adders
  An ufetubus (D:6)
  A dart slug (D:5)
  11 orcs
  5 endoplasms
  3 giant cockroaches
  4 goblins
  2 hobgoblins
  3 jackals (D:3)
  2 kobolds (D:4)
  A quokka (D:3)
  3 ball pythons
  3 bats
  3 rats
68 creatures vanquished.

Vanquished Creatures (collateral kills)
  Sigmund (D:5)
  2 orc warriors (D:6)
  2 ice beasts (D:6)
  A sky beast (D:6)
  A necrophage (D:6)
  2 phantoms (D:4)
  A kobold brigand (D:6)
  3 howler monkeys (D:6)
  2 centaur zombies
  5 hounds (D:6)
  A gnoll shaman (D:6)
  3 orc priests
  An iguana (D:6)
  A scorpion zombie (D:5)
  An orc wizard (D:6)
  2 gnolls (D:3)
  An adder (D:2)
  A worm (D:2)
  9 orcs
  A goblin (D:4)
  A jackal (D:3)
  2 bats (D:1)
  A kobold (D:4)
  2 rats
47 creatures vanquished.

Vanquished Creatures (others)
  A kobold brigand (D:6)
  4 plants
5 creatures vanquished.

Grand Total: 120 creatures vanquished

Notes
Turn   | Place    | Note
-------+----------+-------------------------------------------
     0 | D:1      | pkoi the Draconian Summoner began the quest for the Orb.
     0 | D:1      | Reached XP level 1. HP: 14/14 MP: 3/3
    56 | D:1      | Found Epidila's Armour Shoppe.
   100 | D:1      | Bought a +0 pair of gloves for 45 gold pieces
   100 | D:1      | Bought a +0 pair of boots for 45 gold pieces
   484 | D:1      | Reached XP level 2. HP: 20/20 MP: 3/5
   643 | D:1      | Learned a level 2 spell: Call Imp
   966 | D:2      | Reached skill level 1 in Unarmed Combat
  1096 | D:2      | Reached XP level 3. HP: 21/26 MP: 4/6
  1116 | D:2      | Learned a level 3 spell: Call Canine Familiar
  2458 | D:3      | Found a faded altar of an unknown god.
  2493 | D:3      | Reached XP level 4. HP: 32/33 MP: 0/8
  2609 | D:3      | Found a sacrificial altar of Ru.
  2706 | D:3      | Became a worshipper of Ru the Awakened
  2950 | D:3      | Noticed a gnoll sergeant
  3484 | D:4      | Noticed a phantom
  3500 | D:4      | Killed a phantom
  3501 | D:4      | Reached skill level 5 in Summonings
  3501 | D:4      | Reached XP level 5. HP: 17/38 MP: 1/9
  3772 | D:4      | Found Cellaser's Distillery.
  3780 | D:4      | Bought a potion of mutation for 112 gold pieces
  3951 | D:4      | Found a basalt altar of Yredelemnul.
  3953 | D:4      | Found a snail-covered altar of Cheibriados.
  3953 | D:4      | Noticed a phantom
  3973 | D:4      | Killed a phantom
  4397 | D:3      | Reached XP level 6. HP: 32/45 MP: 6/11
  4594 | D:5      | Entered Level 5 of the Dungeon
  4738 | D:5      | Noticed an ice beast
  4759 | D:5      | Killed an ice beast
  5511 | D:5      | Noticed Sigmund
  5554 | D:5      | Killed Sigmund
  5555 | D:5      | Reached skill level 6 in Summonings
  5555 | D:5      | Your scales start taking on a lurid green colour.
  5555 | D:5      | Reached XP level 7. HP: 50/50 MP: 10/13
  5555 | D:5      | Gained mutation: Your system is resistant to poisons.
                  | (rPois) [Green Draconian growth]
  5639 | D:6      | Learned a level 4 spell: Summon Lightning Spire
  5948 | D:6      | Reached skill level 5 in Unarmed Combat
  5993 | D:6      | Reached skill level 7 in Summonings
  6227 | D:6      | Found a glowing golden altar of the Shining One.
  6276 | D:6      | Found a staircase to the Ecumenical Temple.
  6294 | D:6      | Reached XP level 8. HP: 57/57 MP: 9/14
  6313 | D:6      | Reached skill level 1 in Air Magic
  6599 | Temple   | Entered the Ecumenical Temple
  6822 | Temple   | Fell from the grace of Ru
  6822 | Temple   | Became a worshipper of Dithmenos the Shadowed
  6843 | D:6      | Learned a level 3 spell: Swiftness
  8079 | D:6      | Reached skill level 8 in Summonings
  8079 | D:6      | Noticed a troll
  8114 | D:6      | Slain by a troll

Illustrated notes

Levels and vault maps discovered:
D:1:      dpeg_arrival_signposts, layout_basic, serial_shops, shop_coins,
          hangedman_glass_teeth, dk_noncrumbling_2
D:2:      layout_loops_ring, kennysheep_generic_room_10
D:3:      layout_loops_ring, amcnicky_altar_gilded,
          hellmonk_ecumenical_altar_arch_garden
D:4:      layout_rooms, mainiacjoe_overflow_big_doors, serial_shops, shop
D:5:      layout_loops_ring, uniq_sigmund
D:6:      lemuel_castle_with_subvaults [lemuel_castle_interior_carwin_3],
          layout_basic, mainiacjoe_overflow_alcove_1, temple_doors_e
Temple:   hc_temple_tempest_star

Skill      XL: |  1  2  3  4  5  6  7  8 |
---------------+-------------------------+-----
Unarmed Combat | 1 2 3 4 5 6 |  6.7
Spellcasting   | 3 4 |  4.0
Summonings     | 5 6 7 8 |  8.0
Air Magic      | 3 |  3.3
Stealth        | 3 |  3.0
Dodging        | |  1.7

Action                   |  1- 3 |  4- 6 |  7- 9 || total
-------------------------+-------+-------+-------++-------
Melee: Whip              |    86 |    29 |       ||   115
       Unarmed           |     2 |       |       ||     2
       Tailslap          |     7 |    11 |    14 ||    32
       Punch             |     1 |       |     1 ||     2
       Dagger            |       |    75 |   154 ||   229
Throw: Dart              |    28 |     9 |       ||    37
 Cast: Summon Small Mamm |    29 |     5 |     1 ||    35
       Call Imp          |     5 |    19 |    17 ||    41
       Call Canine Famil |     1 |    16 |    19 ||    36
 Abil: Breathe Noxious F |       |       |     2 ||     2
  Use: Scroll            |       |     9 |       ||     9
       Potion            |       |     8 |       ||     8
 Stab: Sleeping          |     3 |       |       ||     3
       Distracted        |     1 |       |     4 ||     5
       Confused          |       |       |     2 ||     2
Armor: Skin              |    41 |    22 |    51 ||   114
Dodge: Dodged            |    84 |    58 |    93 ||   235
       Repelled          |       |     2 |       ||     2
Block: Other             |       |    24 |    36 ||    60
       Reflection        |       |     1 |     3 ||     4
